 Dungeon Crawl Stone Soup version 0.30-a0-924-g0ad0bf95bc (webtiles) character file.

Game seed: 15146072062453105643

109 funkygono the Trooper (level 4, -13/41 HPs)
             Began as a Minotaur Fighter on Mar 22, 2023.
             Mangled by an ogre
             ... wielding a +0 giant spiked club
              (30 damage)
             ... on level 3 of the Dungeon.
             The game lasted 00:02:44 (1618 turns).

funkygono the Trooper (Minotaur Fighter)            Turns: 1618, Time: 00:02:44

Health: -13/41     AC:  6    Str: 27    XL:     4   Next: 60%
Magic:  3/3        EV: 10    Int:  9    God:
Gold:   101        SH:  5    Dex: 13    Spells: 3/3 levels left

rFire   + . .      SeeInvis .    a - +0 war axe
rCold   . . .      Faith    .    c - +0 buckler
rNeg    . . .      Spirit   .    p - +4 robe of Augmentation {Str+4 Int+4 Dex+4}
rPois   .          Reflect  .    (helmet restricted)
rElec   .          Rampage  .    (no cloak)
rCorr   .                        (no gloves)
Will    .....                    (no boots)
Stlth   +                        (no amulet)
HPRegen 0.26/turn                g - ring of protection from fire
MPRegen 0.08/turn                n - ring of wizardry

@: no status effects
A: horns 2, retaliatory headbutt
a: no special abilities


You were on level 3 of the Dungeon.
You visited 1 branch of the dungeon, and saw 3 of its levels.

You collected 151 gold pieces.
You spent 50 gold pieces at shops.

Inventory:

Hand Weapons
 a - a +0 war axe (weapon)
Missiles
 j - 10 poisoned darts (quivered)
Armour
 b - a +0 scale mail
 c - a +0 buckler (worn)
 p - the +4 robe of Augmentation (worn) {Str+4 Int+4 Dex+4}
   (You found it on level 3 of the Dungeon)

   Str:       It affects your strength (+4).
   Int:       It affects your intelligence (+4).
   Dex:       It affects your dexterity (+4).
Jewellery
 g - a ring of protection from fire (left hand)
 n - a ring of wizardry (right hand)
Scrolls
 e - a scroll of fear {unknown}
 i - 3 scrolls of identify {unknown}
 m - a scroll of immolation {unknown}
 o - a scroll of enchant weapon {unknown}
Potions
 d - 2 potions of might
 f - 2 potions of heal wounds
 h - a potion of degeneration {unknown}
 k - a potion of attraction {unknown}
 l - a potion of berserk rage {unknown}


   Skills:
 + Level 4.9 Fighting
 + Level 3.3 Axes
 + Level 4.7 Armour
 + Level 4.1 Shields


You had 3 spell levels left.
You didn't know any spells.
Your spell library contained the following spells:

 Spells                   Type           Power      Damage    Failure   Level
 Sting                    Tmut/Pois      0%         1d3       21%         1
 Poisonous Vapours        Pois/Air       0%         N/A       30%         2
 Kindle Blastsparks       Fire/Tloc/Air  0%         2d10      50%         3
 Fulminant Prism          Conj/Hex       0%         3d5       87%         4
 Iskenderun's Mystic Bla  Conj/Tloc      0%         2d3       87%         4
 Olgreb's Toxic Radiance  Pois           0%         N/A       87%         4
 Summon Ice Beast         Ice/Summ       0%         N/A       87%         4
 Lee's Rapid Deconstruct  Erth           0%         3d4*      99%         5
 Summon Mana Viper        Hex/Summ       0%         N/A       99%         5
 Monstrous Menagerie      Summ           0%         N/A       100%        7


Dungeon Overview and Level Annotations

Branches:
Dungeon (3/15)

Altars:

Shops:
D:2 !


Innate Abilities, Weirdness & Mutations

You have a pair of horns on your head.
You reflexively headbutt those who attack you in melee.


Message History

The adder closely misses you. You furiously retaliate!
You headbutt the adder!
You feel sick. You block the hound's attack. The hound barely misses you.
You block the adder's attack. The orc hits you but does no damage.
You feel sick.
You are no longer poisoned.
The orc hits you with a +0 club.
There is an open door here.
The hound attacks as you move away! You block the hound's attack.
The hound misses you. The hound barely misses you. You furiously retaliate!
You headbutt the hound! The hound bites you.
You slash the hound!
You kill the hound!
The goblin barely misses you.
You have reached level 4!
You feel stronger.
You slash the goblin!
You kill the goblin!
The adder barely misses you.
You barely miss the adder. Your headbutt misses the adder.
The adder closely misses you. The adder bites you.
You hit the adder. You headbutt the adder.
The adder is severely wounded.
You block the adder's attack. The adder bites you.
You slash the adder!
You kill the adder!
The adder closely misses you.
You barely miss the adder. Your headbutt misses the adder.
The adder is almost dead.
The adder barely misses you. The adder misses you. You furiously retaliate!
You headbutt the adder.
You kill the adder!
The ogre closely misses you. You furiously retaliate!
You headbutt the ogre.
Things that are here:
a +2 heavy flail; an adder corpse; a goblin corpse You slash the ogre!
The ogre is heavily wounded.
The ogre hits you with a +0 giant spiked club!!
Ouch! That really hurt!
You die...

#..............#
#........≈ ≈≈≈≈
#)####### #..# #.#
#..#
#.##########..#
#.............#
#############.# #.#
#@# ### #O# ~~~
..##o# ~ P. #.##o#
~~ .~ #.##'########
≈~. . #............
.~~.♣.#............
~P~~..#............
..P...'............


You could see an ogre and 2 orcs.

Vanquished Creatures
  A hound (D:3)
  3 adders
  2 worms (D:2)
  A dart slug (D:2)
  3 bats
  4 endoplasms (D:2)
  2 giant cockroaches (D:2)
  9 goblins
  A hobgoblin (D:2)
  4 kobolds
  5 ball pythons
  8 frilled lizards
  2 rats (D:1)
45 creatures vanquished.

Vanquished Creatures (others)
  7 plants (D:2)
7 creatures vanquished.

Grand Total: 52 creatures vanquished

Notes
Turn   | Place    | Note
-------+----------+-------------------------------------------
     0 | D:1      | funkygono the Minotaur Fighter began the quest for the Orb.
     0 | D:1      | Reached XP level 1. HP: 19/19 MP: 0/0
   143 | D:1      | Reached XP level 2. HP: 26/27 MP: 1/1
   820 | D:2      | Reached XP level 3. HP: 31/33 MP: 2/2
   924 | D:2      | Found Ciam's Distillery.
   932 | D:2      | Bought a potion of heal wounds for 50 gold pieces
  1061 | D:2      | Found a faded altar of an unknown god.
  1485 | D:3      | Found the +4 robe of Augmentation {Str+4 Int+4 Dex+4}
  1596 | D:3      | Noticed an ogre
  1612 | D:3      | Reached XP level 4. HP: 20/41 MP: 3/3
  1618 | D:3      | Mangled by an ogre

Illustrated notes

Levels and vault maps discovered:
D:1:      tarquinn_simple_flora_water_c, layout_loops_cross
D:2:      layout_loops_ring, serial_shops, nicolae_diamond_shop,
          basic_ecumenical_altar, wad_floor_pattern_1, minmay_statues_item,
          minmay_lizard_king
D:3:      layout_basic, serial_bayou_pond_b, mrwooster_statue_mirror,
          minivault_5, chequers_serial_rivers_micro_e

Skill      XL: |  1  2  3 |
---------------+----------+-----
Armour         | 4 |  4.7
Shields        | 4 |  4.1
Fighting       | 4 |  4.9
Axes           | 3 |  3.3

Action                     |  1- 3 |  4- 6 || total
---------------------------+-------+-------++-------
  Melee: War axe           |    93 |     6 ||    99
         Headbutt          |    10 |     1 ||    11
 Armour: Scale mail        |    38 |       ||    38
         Robe              |     6 |       ||     6
  Dodge: Dodged            |    40 |     6 ||    46
  Block: Buckler           |    26 |     1 ||    27

Table legend: (Time is in decaauts)
 A = Elapsed time spent in this place.
 B = Non-inter-level travel time spent in this place.
 C = Inter-level travel time spent in this place.
 D = Time resting spent in this place.
 E = Time spent auto-exploring this place.
 F = Levels seen in this place.
 G = Mean time per level.
                   A        B        C        D        E       F      G
               +--------+--------+--------+--------+--------+-----+--------+
         Total |   1658 |   1572 |     86 |      0 |   1233 |   3 |  552.7 |
       Dungeon |   1658 |   1572 |     86 |      0 |   1233 |   3 |  552.7 |
               +--------+--------+--------+--------+--------+-----+--------+

Top non-repeatable levels by time:
     D:2: 797 daAuts
     D:1: 707 daAuts
     D:3: 153 daAuts
